 Dungeon Crawl Stone Soup version 0.30.1-3-gfc49f6343a (webtiles) character file.

Game seed: 17853510467784314268

2938 spardeous the Destroyer (level 9, -3/62 HPs)
             Began as a Demigod Conjurer on Aug 5, 2023.
             Slain by a wyvern (12 damage)
             ... on level 7 of the Dungeon.
             The game lasted 00:10:53 (8096 turns).

spardeous the Destroyer (Demigod Conjurer)          Turns: 8096, Time: 00:10:53

Health: -3/62      AC:  6    Str: 12    XL:     9   Next: 26%
Magic:  29/34      EV: 11    Int: 34    God:
Gold:   332        SH:  0    Dex: 20    Spells: 15/24 levels left

rFire   + . .        y - +1 whip (venom)
rCold   + + .        (no shield)
rNeg    . . .        g - +0 ring mail
rPois   .            u - +0 hat of Slovenliness {rC+}
rElec   .            B - scarf {rC+ rF+}
rCorr   .            (no gloves)
SInv    .            F - +0 pair of boots "Lamour" {+Blink MP+9 Dex+2}
Will    .....        (no amulet)
Stlth   ++           r - +6 ring of intelligence
HPRegen 0.30/turn    x - +6 ring of dexterity
MPRegen 0.24/turn

%: no passive effects
@: about to teleport
A: high MP 1, forlorn, divine attributes
a: Evoke Blink


You were on level 7 of the Dungeon.
You visited 1 branch of the dungeon, and saw 7 of its levels.

You collected 332 gold pieces.

Inventory:

Hand Weapons
 c - a +0 spear
 y - a +1 whip of venom (weapon)
Armour
 a - a +0 robe
 g - a +0 ring mail (worn)
 l - a +10 plate armour of ponderousness
 u - the +0 hat of Slovenliness (worn) {rC+}
   (You found it on level 3 of the Dungeon)

   rC:        It protects you from cold.
 B - a scarf of resistance (worn)
 F - the +0 pair of boots "Lamour" (worn) {+Blink MP+9 Dex+2}
   (You found it on level 5 of the Dungeon)

   Dex:       It affects your dexterity (+2).
   MP:        It affects your magic capacity (+9).
   +Blink:    It lets you blink.
 G - a +2 robe of positive energy
 K - a +0 cloak
Jewellery
 r - a +6 ring of intelligence (left hand)
 x - a +6 ring of dexterity (right hand)
 C - a ring of magical power
 E - a ring of see invisible
Wands
 k - a wand of flame (19)
 H - a wand of digging (3)
 I - a wand of acid (1)
Scrolls
 d - 2 scrolls of noise {unknown}
 e - 2 scrolls of blinking {unknown}
 f - a scroll of fog
 h - 2 scrolls of teleportation
 i - a scroll of immolation
 j - 2 scrolls of enchant weapon {unknown}
 p - 2 scrolls of amnesia {unknown}
 t - a scroll of poison
 D - 3 scrolls of enchant armour
 J - a scroll of brand weapon
 L - a scroll of identify
Potions
 b - a potion of magic
 n - 2 potions of heal wounds {unknown}
 o - 2 potions of ambrosia {unknown}
 q - a potion of mutation {unknown}
 s - a potion of degeneration
 v - a potion of resistance {unknown}
 w - 2 potions of cancellation {unknown}
 z - a potion of attraction
 A - 2 potions of lignification {unknown}


   Skills:
 - Level 1.7 Dodging
 - Level 1.7 Stealth
 + Level 8.1 Spellcasting
 + Level 9.4 Conjurations


You had 15 spell levels left.
You knew the following spells:

 Your Spells              Type           Power      Damage    Failure   Level
a - Magic Dart            Conj           100%       1d8       1%          1
b - Searing Ray           Conj           100%       2d8       1%          2
c - Iskenderun's Mystic   Conj/Tloc      45%        2d10      11%         4
d - Passwall              Tmut/Erth      10%        N/A       11%         2

Your spell library contained the following spells:

 Spells                   Type           Power      Damage    Failure   Level
 Kiss of Death            Conj/Necr      100%       2d13      1%          1
 Dazzling Flash           Conj/Hex       90%        N/A       3%          3
 Ensorcelled Hibernation  Hex/Ice        26%        N/A       11%         2
 Sublimation of Blood     Necr           13%        N/A       11%         2
 Wereblood                Tmut           13%        N/A       11%         2
 Fulminant Prism          Conj/Hex       22%        3d12      11%         4
 Confusing Touch          Hex            13%        N/A       22%         3
 Swiftness                Air            13%        N/A       22%         3
 Dispel Undead            Necr           13%        3d9       58%         4
 Summon Hydra             Summ           6%         N/A       100%        7


Dungeon Overview and Level Annotations

Branches:
Dungeon (7/15)             Temple (0/1) D:4

Shops:
D:2 [

Annotations:
D:3 1 runed translucent door, Crazy Yiuf


Innate Abilities, Weirdness & Mutations

You have an increased reservoir of magic. (+10% MP)
You shall have no god before yourself.
Your divine heritage dramatically boosts your attributes as you level up.


Message History

The searing ray hits the wyvern.
The wyvern is moderately wounded.
The wyvern bites you. The wyvern barely misses you.
The sky beast hits you but does no damage.
You take 1 damage, and have 44/62 hp.
You now have 29/34 mp.
The searing ray misses the wyvern.
The wyvern bites you!
The sky beast hits you but does no damage.
You take 15 damage, and have 29/62 hp.
MASSIVE DAMAGE!!
You now have 28/34 mp.
Unknown command.
The wyvern bites you but does no damage.
The wyvern completely misses you.
Casting: Searing Ray (safe; 1% risk of failure)
Confirm with . or Enter, or press ? or * to list all spells.
Aiming: Searing Ray (safe; 1% risk of failure)
Press: ? - help, Shift-Dir - straight line, f/p - wyvern
Aim: a wyvern (moderately wounded, 83% to hit)
Okay, then.
The wyvern bites you!
* * * LOW HITPOINT WARNING * * *
You take 13 damage, and have 16/62 hp.
MASSIVE DAMAGE!!
The wyvern bites you!
* * * LOW HITPOINT WARNING * * *
The wyvern bites you but does no damage.
You take 9 damage, and have 7/62 hp.
You feel better. The wyvern closely misses you.
The sky beast hits you but does no damage.
You regained 11 hp, and now have 18/62 hp.
The sky beast attacks as you move away! The sky beast hits you.
* * * LOW HITPOINT WARNING * * *
The sky beast shocks you.
* * * LOW HITPOINT WARNING * * *
The wyvern attacks as you move away! The wyvern closely misses you.
The wyvern barely misses you.
You take 9 damage, and have 9/62 hp.
Okay, then.
Okay, then.
As you read the scroll labelled IPAVUMNEOLI, it crumbles to dust.
You feel strangely unstable.
It was a scroll of teleportation.
The wyvern bites you!
You die...

...........#.## ..###.#
...........#.##..####.#.
##.#............##......
#..###..................
#.###......#####........
#.###......### #........
#......).....###........
##.....).......l........
##..###.####...#@.......
#...# #)# ###.##.......
#...# #.#### #.#........
....###....# #.)........
...........###.#........
###..####...............
##.......###.###........
#.........##.# #.......
...........#.#####.....


You could see a wyvern.

Vanquished Creatures
  Pikel (D:6)
  Grinder (D:6)
  Sigmund (D:4)
  A steam dragon (D:6)
  A water moccasin (D:5)
  An orc warrior (D:6)
  2 ice beasts
  A black bear (D:5)
  4 ogres
  2 lemures (D:6)
  A phantom (D:6)
  2 kobold brigands (D:6)
  Blork the orc (D:6)
  A scorpion (D:6)
  3 hounds
  3 orc priests
  2 jellies (D:5)
  A gnoll bouda (D:5)
  Natasha (thrice) (D:4)
  5 iguanas
  5 orc wizards
  Terence (D:3)
  5 gnolls
  6 adders
  A shadow imp (D:7)
  An ufetubus (D:5)
  4 worms
  5 dart slugs
  33 orcs
  9 bats
  2 endoplasms
  3 giant cockroaches
  11 goblins
  2 hobgoblins (D:2)
  5 jackals
  4 quokkas
  4 ball pythons
  5 frilled lizards
  17 kobolds
  3 rats
163 creatures vanquished.

Notes
Turn   | Place    | Note
-------+----------+-------------------------------------------
     0 | D:1      | spardeous the Demigod Conjurer began the quest for the Orb.
     0 | D:1      | Reached XP level 1. HP: 14/14 MP: 5/5
   123 | D:1      | Reached XP level 2. HP: 20/20 MP: 1/7
   284 | D:1      | Reached skill level 4 in Conjurations
  1018 | D:1      | Reached XP level 3. HP: 26/26 MP: 4/9
  1504 | D:2      | Found Urreheyn's Armour Boutique.
  1513 | D:2      | Learned a level 2 spell: Searing Ray
  2392 | D:2      | Reached XP level 4. HP: 33/33 MP: 8/11
  2947 | D:3      | Noticed an ogre
  2954 | D:3      | Killed an ogre
  2955 | D:3      | Reached skill level 5 in Conjurations
  2955 | D:3      | Reached XP level 5. HP: 38/38 MP: 3/13
  3036 | D:3      | Noticed Terence
  3060 | D:3      | Killed Terence
  3252 | D:3      | Found a runed translucent door.
  3253 | D:3      | Noticed Crazy Yiuf
  3286 | D:3      | Identified the +0 hat of Slovenliness {rC+}
  3618 | D:4      | Found a staircase to the Ecumenical Temple.
  3955 | D:4      | Noticed Sigmund
  3964 | D:4      | Killed Sigmund
  3965 | D:4      | Reached XP level 6. HP: 30/45 MP: 8/16
  4573 | D:4      | Noticed Natasha
  4578 | D:4      | Killed Natasha
  4579 | D:4      | Reached skill level 6 in Conjurations
  4759 | D:4      | Noticed Natasha
  4762 | D:4      | Killed Natasha
  5053 | D:4      | Noticed Natasha
  5059 | D:4      | Killed Natasha
  5074 | D:5      | Entered Level 5 of the Dungeon
  5352 | D:5      | Reached XP level 7. HP: 50/50 MP: 9/17
  5422 | D:5      | Reached skill level 5 in Spellcasting
  5735 | D:5      | Reached skill level 7 in Conjurations
  5929 | D:5      | Reached XP level 8. HP: 57/57 MP: 13/20
  5976 | D:5      | Identified the +0 pair of boots "Lamour" {+Blink MP+9
                  | Dex+2}
  6387 | D:6      | Learned a level 4 spell: Iskenderun's Mystic Blast
  6431 | D:6      | Noticed Pikel
  6440 | D:6      | Killed Pikel
  6441 | D:6      | Reached skill level 8 in Conjurations
  6504 | D:6      | Noticed Blork the orc
  6504 | D:6      | Noticed Grinder
  6512 | D:6      | Killed Blork the orc
  6518 | D:6      | Killed Grinder
  6947 | D:6      | Reached XP level 9. HP: 55/62 MP: 24/24
  7160 | D:6      | Reached skill level 9 in Conjurations
  7993 | D:7      | Learned a level 2 spell: Passwall
  8096 | D:7      | Slain by a wyvern

Illustrated notes

Levels and vault maps discovered:
D:1:      lightli_arrival_boilingwater, layout_loops_corners,
          nicolae_grassy_gnolls
D:2:      layout_basic, basic_altar, serial_shops, shop
D:3:      layout_rooms, serial_curves, eino_curves_03, eino_curves_02,
          uniq_terence, uniq_crazy_yiuf_cottage
D:4:      layout_gridville, minmay_temple_entry_drinking_statues, uniq_natasha,
          uniq_sigmund
D:5:      layout_cave_pools
D:6:      layout_loops_ring, kennysheep_generic_room_3, uniq_pikel,
          uniq_grinder, uniq_blork_the_orc
D:7:      layout_rooms, serial_shops, nicolae_shop_real_fake_doors

Skill      XL: |  1  2  3  4  5  6  7  8  9 |
---------------+----------------------------+-----
Spellcasting   | 2 3 4 6 7 8 |  8.1
Conjurations   | 4 5 6 7 8 9 |  9.4
Dodging        | |  1.7
Stealth        | |  1.7

Action                     |  1- 3 |  4- 6 |  7- 9 || total
---------------------------+-------+-------+-------++-------
  Melee: Spear             |     8 |       |       ||     8
         Unarmed           |     6 |       |       ||     6
   Cast: Magic Dart        |   102 |    97 |    60 ||   259
         Searing Ray       |       |    15 |    52 ||    67
    Use: Potion            |       |     1 |     1 ||     2
         Scroll            |       |       |     8 ||     8
 Armour: Robe              |     6 |       |       ||     6
         Ring mail         |     4 |     8 |    24 ||    36
  Dodge: Dodged            |    32 |    15 |    53 ||   100
